[Event "Istanbul Open 2018"]
[Site "Istanbul"]
[Date "2018.09.03"]
[Round "3"]
[White "Ersoy, Emre"]
[Black "Sar, Can"]
[Result "1/2-1/2"]
[ECO "B77"]
[WhiteElo "1557"]
[BlackElo "1800"]
[Annotator "NA RC"]
[PlyCount "135"]
[EventDate "2018.09.02"]
[EventType "swiss"]
[EventCountry "TUR"]
[SourceTitle "playchess.com"]
[Source "ChessBase"]
[SourceQuality "1"]
[TimeControl "5400+30"]

1. e4 c5 2. Nf3 g6 3. d4 cxd4 4. Nxd4 Bg7 5. Nc3 Nc6 6. Be3 Nf6 7. Bc4 O-O 8. Bb3 d6 9. f3 Bd7 10. Qd2 Na5 11. O-O-O {B77: Sicilian Dragon: Yugoslav Attack, 9 Bc4 sidelines} (11. h4 h5 12. O-O-O Rb8 13. g4 b5 14. gxh5 Nxh5 15. Rhg1 Nc4 16. Bxc4 bxc4 17. Bh6 Qb6 18. b3 cxb3 19. axb3 Qa5 20. Kb2 {0-1 (33) Gao,R (2561)-Xu,X (2581) Tianjin 2018}) 11... Nxb3+ 12. axb3 a5 13. Bh6 a4 14. bxa4 Bxa4 15. h4 Bd7 16. Bxg7 Kxg7 17. h5 Ra1+ $146 ({Predecessor:} 17... e5 18. Nb3 Be6 19. hxg6 fxg6 {1-0 (80) Marutkins,O (1970)-Mustaps,M (2278) Riga 2012}) 18. Nb1 Qa5 19. hxg6 Qxd2+ 20. Kxd2 hxg6 21. Nc3 Rxd1+ 22. Nxd1 e5 23. Ne2 d5 24. exd5 Nxd5 25. Ndc3 Nxc3 26. Nxc3 Bc6 27. Ke3 Rd8 28. Ra1 f5 29. b4 f4+ 30. Ke2 g5 31. b5 Be8 32. Ra7 Rb8 33. Kd3 Kf6 34. Ne4+ Ke7 35. Kc4 Rc8+ 36. Kb3 Bf7+ 37. Kb2 Bd5 38. Nxg5 Rg8 39. c4 Rxg5 40. cxd5 Rxg2+ 41. Kc3 Kd6 42. Rxb7 Kxd5 43. Kb4 e4 44. fxe4+ Kxe4 45. Kc5 f3 46. Rf7 f2 47. b6 Rg5+ 48. Kc6 $1 Rg6+ 49. Kc7 {[%emt 0:00:17] [#]} Rg7 $1 50. Rxg7 f1=Q 51. b7 (51. Rg4+ $11 {remains equal.} Kd5 52. Rg5+ Ke4 53. b7) 51... Qf4+ 52. Kb6 Qf6+ 53. Kc5 Qc3+ 54. Kb6 Qf6+ (54... Qxg7 $5 55. b8=Q $8 Qg1+ 56. Kc6 Qc1+ 57. Kd7 Qc4 $11) 55. Kc5 Qe5+ 56. Kc6 Qc3+ 57. Kb6 Qd4+ 58. Kc6 Qa7 59. Rd7 Ke5 60. Rd5+ Ke6 61. Rd6+ Ke7 62. Rd5 $11 Qa6+ 63. Kc7 Qc4+ 64. Kb6 Qb3+ 65. Rb5 Qe3+ 66. Ka6 Qa3+ 67. Kb6 Qd6+ 68. Ka7 1/2-1/2

[Event "Istanbul Open 2018"]
[Site "Istanbul"]
[Date "2018.09.04"]
[Round "4"]
[White "Eryigit, Yakup"]
[Black "Tinarlioglu, Emre"]
[Result "1-0"]
[ECO "D40"]
[WhiteElo "2030"]
[BlackElo "1796"]
[Annotator "NA RC"]
[PlyCount "71"]
[EventDate "2018.09.02"]
[EventType "swiss"]
[EventCountry "TUR"]
[SourceTitle "playchess.com"]
[Source "ChessBase"]
[SourceQuality "1"]
[TimeControl "5400+30"]

1. Nf3 c5 2. c4 Nc6 3. Nc3 e6 4. e3 Nf6 5. a3 d5 6. d4 cxd4 7. exd4 Be7 8. Bd3 dxc4 9. Bxc4 O-O {[%emt 0:00:30] D40: Damengambit (Verbesserte Tarrasch-Verteidigung)} 10. Bg5 (10. O-O Nd5 11. Re1 Nxc3 12. bxc3 Bf6 13. Bd3 Bd7 14. Rb1 b6 15. Rb5 g6 16. Bh6 Re8 17. Qd2 Ne7 18. Rbe5 Bc6 19. Bg5 Bg7 20. R5e3 h6 21. Bh4 Bxf3 22. Rxf3 {½-½ (42) Salem,A (2638)-Svidler,P (2749) Geneva 2017}) 10... a6 {[%emt 0:00:30] LiveBook: 3 Games} 11. Ba2 b5 12. Rc1 Bb7 13. Bb1 $146 ({Vorgänger:} 13. O-O b4 14. axb4 Nxb4 15. Bb1 Nfd5 16. Ne4 h6 17. Bd2 Bc6 18. Ne5 Bb5 19. Re1 f5 20. Nc5 Bxc5 21. Rxc5 {1-0 (33) Ennsberger,U (2335)-Rogulj,B (2422) Austria 2015}) 13... Re8 14. Qd3 g6 15. h4 h5 16. O-O Ng4 17. Ne4 Bxg5 18. hxg5 Ne7 19. Nfd2 Nd5 (19... Qb8 $11 {hält das Gleichgewicht.} 20. Qg3 Qxg3 21. Nxg3 Nf5) 20. Qg3 e5 {[%emt 0:44:00] [#]} (20... Nb6 $16 {might work better.}) 21. dxe5 $1 Nxe5 22. Rfe1 (22. Ba2 $18 Nc4 23. Bxc4 bxc4 24. Rxc4) 22... Ng4 23. Nd6 Rxe1+ 24. Rxe1 Bc6 (24... Qb6 $142) 25. N2e4 Qb6 26. Rd1 ({Weaker is} 26. Qf3 Rf8 $14) 26... Rf8 (26... b4 $142 27. Ba2 (27. Qf3 Rf8 $16) 27... bxa3) 27. Ba2 Qa5 28. b4 ({Less strong is} 28. Bxd5 Bxd5 29. Nf6+ Nxf6 $16) 28... Qc7 29. Rc1 Qd7 30. f3 Nge3 31. Qe5 Ba8 32. Rc5 Qa7 33. Kh1 Rd8 34. Nf6+ Nxf6 35. Qxf6 Nd5 36. Qxd8+ 1-0

[Event "Istanbul Open 2018"]
[Site "Istanbul"]
[Date "2018.09.04"]
[Round "4"]
[White "Niyazmetov, Hudoshukur"]
[Black "Acarbay, Aydin"]
[Result "0-1"]
[ECO "D17"]
[WhiteElo "2008"]
[BlackElo "1894"]
[Annotator "NA RC"]
[PlyCount "98"]
[EventDate "2018.09.02"]
[EventType "swiss"]
[EventCountry "TUR"]
[SourceTitle "playchess.com"]
[Source "ChessBase"]
[SourceQuality "1"]
[TimeControl "5400+30"]

1. d4 d5 2. Nf3 Nf6 3. c4 c6 4. Nc3 dxc4 5. a4 Bf5 6. Ne5 Nbd7 7. Nxc4 Nb6 8. Ne5 a5 9. f3 {[%emt 0:17:30] LiveBook: 423 Games D17: Slav Defence: 5 a4 Bf5: Lines with 6 Nh4 and 6 Ne5} (9. e3 Nbd7 10. Bd3 Bxd3 11. Nxd3 g6 12. Qb3 Qb6 13. Qxb6 Nxb6 14. Ke2 Bg7 15. Nc5 Ra7 16. e4 O-O {½-½ (49) Vidit,S (2707)-Bu,X (2725) Liaocheng 2018}) 9... Nfd7 10. Nxd7 Bxd7 11. e4 e5 12. dxe5 $146 ({Predecessor:} 12. Be3 Bb4 13. dxe5 Qc7 14. Be2 Be6 15. Kf2 Nd7 16. f4 Nc5 {0-1 (50) Sargsyan,S (2440)-Yegiazaryan,A (2243) Yerevan 2016}) 12... Bc5 13. Bf4 Qh4+ 14. Bg3 Qe7 15. Bd3 Rd8 16. Qe2 Be6 17. O-O-O Bd4 18. Bf2 Bxf2 19. Qxf2 Qb4 20. Bb5 Rxd1+ 21. Rxd1 Nd7 22. Be2 Nc5 23. Kb1 O-O 24. Qd4 g6 25. f4 Bb3 26. Rd2 Bxa4 27. Qxb4 axb4 28. Nxa4 Nxa4 29. Rd7 Nc5 30. Rd4 Ne6 31. Rxb4 Nxf4 32. Bf1 b5 33. Rd4 Re8 34. g3 Ne6 35. Rd6 Rc8 36. Bh3 Re8 37. Rxc6 Ng5 $14 38. Bg2 Rxe5 39. Rb6 Nxe4 40. Bxe4 Rxe4 41. Rxb5 Re2 42. Rb3 Rxh2 43. Ka2 h5 44. Re3 Rh3 45. b4 h4 46. b5 Rxg3 47. Re8+ Kg7 48. b6 Rg5 49. Rb8 Rb5 0-1

[Event "Istanbul Open 2018"]
[Site "Istanbul"]
[Date "2018.09.04"]
[Round "4"]
[White "Akin, Yagiz Cinar"]
[Black "Emir, Emirhan"]
[Result "1/2-1/2"]
[ECO "C07"]
[WhiteElo "1963"]
[BlackElo "1852"]
[Annotator "NA RC"]
[PlyCount "97"]
[EventDate "2018.09.02"]
[EventType "swiss"]
[EventCountry "TUR"]
[SourceTitle "playchess.com"]
[Source "ChessBase"]
[SourceQuality "1"]
[TimeControl "5400+30"]

1. e4 e6 2. d4 d5 3. Nd2 c5 4. c3 cxd4 5. cxd4 dxe4 6. Nxe4 Bb4+ 7. Nc3 {[%emt 0:00:00] C07: Französische Verteidigung (Tarrasch-Variante)} Bd7 (7... Nf6 8. Nf3 O-O 9. Bd3 b6 10. O-O Bb7 11. Bg5 {½-½ (11) Pantsulaia,L (2563)-Mchedlishvili,M (2645) Mumbai 2013}) 8. Nf3 Nf6 9. a3 $146 ({Vorgänger:} 9. Bg5 h6 10. Bxf6 Qxf6 11. Ne5 O-O 12. Be2 Bc6 13. O-O Rd8 14. Bf3 Bxf3 15. Nxf3 {0-1 (44) Butvilaite,B (1596)-Zalimaite,I (1799) Vilnius 2015}) 9... Be7 10. Bd3 Bc6 11. O-O O-O 12. Ne5 Nbd7 13. Nxc6 bxc6 14. Bf4 Nb6 15. Re1 Nbd5 16. Nxd5 Qxd5 17. Be5 Rad8 18. Re3 g6 19. Rh3 c5 20. Qc1 cxd4 21. Bxf6 Bxf6 22. Qh6 Rfe8 23. Qxh7+ Kf8 24. Rf3 Qe5 25. Kf1 (25. h4 $5 ) 25... Ke7 26. Bxg6 Rf8 27. Re1 Qg5 $1 28. Rg3 Qd2 29. Rb3 Rd7 30. h3 Qg5 ({Black should try} 30... Rc7 $14) 31. Bd3 Qd5 32. Rb5 Qd6 33. g3 Qc6 34. Qe4 Qc7 $2 (34... Rc8 $16 35. Qxc6 Rxc6) 35. Rf5 Rh8 36. Qf3 Rh6 37. g4 Qh2 38. g5 Rxh3 39. gxf6+ Kd6 40. Qf4+ Qxf4 41. Rxf4 Rxd3 42. Ke2 Ke5 43. Kxd3+ Kxf4 44. Re4+ Kf3 45. Rxd4 Rb7 46. b4 e5 47. Rd5 Kf4 48. f3 $2 (48. Ra5 $18) 48... Rb6 49. Ke2 $11 1/2-1/2

[Event "Istanbul Open 2018"]
[Site "Istanbul"]
[Date "2018.09.04"]
[Round "4"]
[White "Tirak, Mert"]
[Black "Kelpetin, Umut Can"]
[Result "1/2-1/2"]
[ECO "B06"]
[WhiteElo "1941"]
[BlackElo "1798"]
[Annotator "NA RC"]
[PlyCount "139"]
[EventDate "2018.09.02"]
[EventType "swiss"]
[EventCountry "TUR"]
[SourceTitle "playchess.com"]
[Source "ChessBase"]
[SourceQuality "1"]
[TimeControl "5400+30"]

1. e4 g6 2. d4 Bg7 3. g3 d5 4. e5 c5 5. c3 Nc6 6. Bg2 cxd4 7. cxd4 Nh6 {[%emt 0:06:30] B06: Modern Defence} 8. Nc3 {[%emt 0:00:00] LiveBook: 4 Games} Nf5 9. Nge2 e6 10. O-O b6 $146 ({Predecessor:} 10... O-O 11. Be3 f6 12. exf6 Qxf6 13. Nb5 a6 14. Nc7 Ra7 15. Nf4 Qe7 16. Ncxd5 exd5 17. Nxd5 Qd8 18. Qd2 Nxe3 19. fxe3 {0-1 (40) McLaren,B (2222)-Chandler,M (2540) Auckland 2008}) 11. f4 h5 12. b4 Bd7 13. a3 Rc8 14. Qd3 Qc7 15. Bd2 Qb7 16. h3 a6 17. g4 hxg4 18. hxg4 Nh4 19. Bh1 Na7 20. Rf2 Nb5 21. Rh2 (21. Nd1 $16) 21... Qc7 22. Qg3 g5 23. fxg5 Ng6 24. Rxh8+ Bxh8 25. Rf1 Nxc3 26. Nxc3 Bb5 27. Nxb5 axb5 28. Rc1 Qd7 29. Rxc8+ Qxc8 30. Qc3 Qc4 31. Qxc4 (31. Qe3 $16) 31... bxc4 32. b5 Bg7 33. a4 Bf8 34. Bf3 Be7 35. Kf2 Bd8 36. Bd1 Kf8 37. Bc2 Ne7 38. Bb4 Ke8 39. Ke2 Kd7 40. Bxe7 Bxe7 41. g6 fxg6 42. Bxg6 Bb4 43. Bf7 Bc3 44. Ke3 Bb2 45. a5 bxa5 46. b6 Bc1+ 47. Ke2 Bb2 48. Bxe6+ Kc6 49. Bxd5+ Kxb6 50. Ke3 Bc1+ 51. Ke4 c3 52. Kd3 Bd2 53. Bb3 Kb5 54. Bc4+ Kc6 55. g5 Bxg5 56. Kxc3 Bf4 57. Kd3 a4 58. Ke4 Bg3 59. Ba2 Bf2 60. d5+ Kd7 61. Kf5 Bd4 62. Bc4 a3 $1 63. Ke4 Bc5 64. Kf5 Bd4 65. Kf6 Bc3 $1 66. Bb5+ (66. Bb3 $14) 66... Kd8 67. Bc4 $11 Kd7 68. d6 Bd4 69. Kf5 Bc5 70. Ke4 1/2-1/2

[Event "Istanbul Open 2018"]
[Site "Istanbul"]
[Date "2018.09.04"]
[Round "4"]
[White "Ozsakallioglu, Akin"]
[Black "Abishli, Oghuz"]
[Result "1/2-1/2"]
[ECO "B39"]
[WhiteElo "1861"]
[BlackElo "2099"]
[Annotator "NA RC"]
[PlyCount "104"]
[EventDate "2018.09.02"]
[EventType "swiss"]
[EventCountry "TUR"]
[SourceTitle "playchess.com"]
[Source "ChessBase"]
[SourceQuality "1"]
[TimeControl "5400+30"]

1. e4 c5 2. Nf3 g6 3. d4 cxd4 4. Nxd4 Bg7 5. c4 Nc6 6. Be3 Nf6 7. Nc3 Ng4 8. Qxg4 Nxd4 9. Qd1 Ne6 10. Be2 Bxc3+ 11. bxc3 {[%emt 0:00:30] LiveBook: 8 Games} Qc7 {[%emt 0:00:30] B39: Sicilian: Maroczy Bind with 5...Bg7 and 7...Ng4} 12. O-O b6 13. Bg4 $146 ({Predecessor:} 13. f4 Bb7 14. f5 Nc5 15. Bd4 f6 16. Bf3 O-O-O 17. Qe2 d6 18. a4 a5 19. Rfb1 {0-1 (59) Slovak,K (2142)-Sousa,A (2411) Prague 2016}) 13... Qxc4 14. Bxe6 Qxe6 15. Bd4 O-O 16. Re1 f6 17. f4 d6 18. Qb3 Qf7 19. Qxf7+ Kxf7 20. e5 dxe5 21. fxe5 f5 22. a4 Be6 23. Reb1 Bc4 24. Rb4 Rfc8 25. Kf2 Rc7 26. Ke3 g5 27. Kf2 f4 28. Re1 e6 29. h4 Kg6 30. hxg5 Kxg5 31. Re4 (31. g3 $17 {keeps fighting.}) 31... Rac8 32. g3 fxg3+ 33. Kxg3 h5 34. Rf4 Bd5 35. Rf6 h4+ 36. Kf2 Rxc3 37. Bxc3 Rxc3 38. Rf7 h3 39. Rh7 Rf3+ 40. Kg1 Re3 41. Rbh4 Rxe5 42. R4h5+ Kf4 43. Rf7+ Rf5 44. Rhxf5+ exf5 45. Rxa7 Bg2 46. Kh2 Kf3 47. Ra6 f4 48. Rxb6 Ke2 49. Rb2+ $18 (49. a5 $142 Kd3 50. a6) 49... Ke1 50. Rb1+ Ke2 51. Rb2+ Ke1 52. Rb1+ Ke2 1/2-1/2

[Event "Istanbul Open 2018"]
[Site "Istanbul"]
[Date "2018.09.04"]
[Round "4"]
[White "Mehrinejad, Mansour"]
[Black "Mustu, Hatice Asli"]
[Result "1-0"]
[ECO "D03"]
[WhiteElo "1839"]
[BlackElo "1502"]
[Annotator "NA RC"]
[PlyCount "107"]
[EventDate "2018.09.02"]
[EventType "swiss"]
[EventCountry "TUR"]
[SourceTitle "playchess.com"]
[Source "ChessBase"]
[SourceQuality "1"]
[TimeControl "5400+30"]

1. d4 d5 2. Bg5 Nf6 3. Nf3 Bf5 4. e3 h6 {[%emt 0:00:30] D03: 1 d4 d5 2 Nf3 Nf6 3 Bg5, including Torre Attack with early ...d5} 5. Bh4 (5. Bxf6 $5 exf6 6. Bd3 $11) 5... e6 6. Bd3 Bxd3 7. Qxd3 c6 8. Nbd2 Be7 9. O-O O-O 10. c4 Nbd7 11. Rfd1 $146 ({Predecessor:} 11. Rac1 a5 {½-½ (80) Harika,D (2507)-Muzychuk,M (2524) Khanty-Mansiysk 2014}) 11... Re8 12. a3 Qc7 13. b4 Rad8 14. Rac1 Qb8 15. c5 a6 16. Bg3 Qc8 17. h3 Nh5 18. Bh2 g6 19. Ne5 (19. a4 $16) 19... Nxe5 20. Bxe5 Bf6 21. g4 Bxe5 22. gxh5 (22. dxe5 $16 Ng7 23. Qd4) 22... Bg7 23. hxg6 fxg6 24. Qxg6 Kh8 $2 (24... e5 $1 $11 {and Black stays safe.}) 25. Qh5 (25. f4 $18) 25... Rf8 {[%emt 0:42:30] [#]} (25... e5 $14) 26. f4 $1 Rf5 27. Qh4 Kh7 (27... Rd7 $16) 28. Kh2 Bf6 29. Qf2 e5 30. dxe5 Bxe5 31. Nf3 (31. Rg1 $16) 31... Rh5 (31... Rxf4 $1 $11 {remains equal.} 32. exf4 (32. Qc2+ Re4+ 33. Nxe5 Qc7 $17) 32... Bxf4+ 33. Kh1 Qxh3+ 34. Nh2 Bxh2 35. Qc2+ (35. Qxh2 Qf3+ 36. Qg2 Qh5+ 37. Qh2 Qf3+ 38. Qg2 Qh5+ 39. Qh2 Qf3+ $11) (35. Qf7+ Kh8 $11) 35... Kh8 36. Qc3+ (36. Qxh2 Qf3+ 37. Qg2 Qh5+ 38. Qh2 Qf3+ 39. Qg2 Qh5+ 40. Qh2 Qf3+ $11) 36... Qxc3 37. Rxc3 Bc7) 32. h4 Bf6 33. Rg1 Rf8 (33... Re8 $16 {ist eine bessere Verteidigung.} 34. Qg2 Qf5) 34. Rg2 Rg8 (34... Qf5 $16 35. Qg3 Kh8) 35. Rcg1 Rxg2+ 36. Qxg2 ({Don't do} 36. Kxg2 Qe6) 36... Qe8 37. Qg4 Qf7 38. Rg2 Bh8 39. Kg1 Rf5 $16 40. Rf2 Qg6 41. Qxg6+ Kxg6 42. Kg2 Kf7 43. Kg3 Ke7 44. Kg4 Ke6 45. Re2 h5+ 46. Kg3 Rf8 47. Ng5+ Kf5 48. Kf3 Bf6 49. e4+ dxe4+ 50. Nxe4 Bxh4 51. Nd6+ Kf6 52. Rh2 Be1 53. Rh1 Bxb4 54. axb4 1-0

[Event "Istanbul Open 2018"]
[Site "Istanbul"]
[Date "2018.09.04"]
[Round "4"]
[White "Gonullu, Muhammed Sinan"]
[Black "Makaraci, Tunahan"]
[Result "1/2-1/2"]
[ECO "D02"]
[WhiteElo "1816"]
[BlackElo "1946"]
[Annotator "NA RC"]
[PlyCount "45"]
[EventDate "2018.09.02"]
[EventType "swiss"]
[EventCountry "TUR"]
[SourceTitle "playchess.com"]
[Source "ChessBase"]
[SourceQuality "1"]
[TimeControl "5400+30"]

1. d4 e6 2. Nf3 d5 3. Bf4 c5 4. c3 Nc6 5. e3 Nf6 {[%emt 0:01:30] LiveBook: 945 Games} 6. Nbd2 Bd6 7. Bxd6 Qxd6 8. Be2 O-O 9. O-O e5 10. dxe5 Nxe5 11. Nxe5 Qxe5 12. Nf3 {[%emt 0:00:00] D02: Damenbauernspiele} Qc7 13. c4 (13. Qc2 Bg4 14. Rad1 Rad8 15. h3 Bh5 16. Rfe1 h6 17. Nd2 Bxe2 18. Rxe2 Rd6 19. Ree1 Rfd8 20. Nf3 {½-½ (20) Abramovic,B (2412)-Todorovic,G (2461) Stari Banovci 2016}) 13... Be6 $146 ({Vorgänger:} 13... dxc4 14. Bxc4 Bg4 15. Be2 Rfd8 16. Qc2 Qa5 17. a3 Rac8 18. Rfd1 h6 19. Rxd8+ Rxd8 {0-1 (48) Kuzmin,V (1797)-Surov,S (2287) Borisoglebsk 2012}) 14. cxd5 Bxd5 15. Qc2 Rfd8 16. Rac1 Rac8 17. h3 (17. a3 ) 17... Qa5 18. a3 Qb6 19. Rfd1 Qe6 20. Bc4 h6 21. Bxd5 $11 Rxd5 22. Rxd5 Qxd5 23. Rd1 (23. Nh4) 1/2-1/2

[Event "Istanbul Open 2018"]
[Site "Istanbul"]
[Date "2018.09.04"]
[Round "4"]
[White "Kavacik, Ahmet"]
[Black "Koc, Deniz"]
[Result "1-0"]
[ECO "B14"]
[WhiteElo "1800"]
[BlackElo "1540"]
[Annotator "NA RC"]
[PlyCount "109"]
[EventDate "2018.09.02"]
[EventType "swiss"]
[EventCountry "TUR"]
[SourceTitle "playchess.com"]
[Source "ChessBase"]
[SourceQuality "1"]
[TimeControl "5400+30"]

1. Nf3 Nf6 2. d4 c5 3. e3 d5 4. c4 cxd4 5. exd4 Nc6 6. Nc3 e6 7. Bg5 Be7 8. c5 O-O 9. Bb5 h6 {[%emt 0:02:30] B14: Caro-Kann: Panov-Botvinnik Attack with 5...e6 and 5...g6} (9... Bd7 10. O-O b6 11. Bxc6 Bxc6 12. b4 bxc5 13. bxc5 Ne4 14. Bxe7 Qxe7 15. Qc2 f6 16. Rab1 Rab8 17. Rb3 Rxb3 18. Qxb3 Nxc3 19. Qxc3 {1-0 (43) Akobian,V (2647)-Tregubov,P (2575) Riadh 2017}) 10. Bh4 {[%emt 0:00:00] LiveBook: 4 Games} Bd7 11. O-O b6 12. Bxc6 Bxc6 13. b4 bxc5 14. bxc5 Nd7 $146 ({Predecessor:} 14... Ne4 15. Bxe7 Qxe7 16. Qc2 f6 17. Rfe1 Rac8 {½-½ (36) Banas,J (2395)-Varga,Z (2250) Gyor 1990}) 15. Bxe7 Qxe7 16. Qe2 Rfe8 17. a4 e5 18. Nb5 exd4 19. Qxe7 Rxe7 20. Nbxd4 Rc8 {[%emt 0:01:30] [#]} (20... Nb8 $1 $14) 21. Nf5 $1 Ree8 22. Nd6 $1 Nxc5 23. Nxc8 Rxc8 24. Rac1 Nxa4 (24... Bxa4 $16 {was worth a try.} 25. Rc3 Bb5) 25. Ne5 Bb7 26. Rxc8+ Bxc8 27. Ra1 Nb2 28. Rxa7 Be6 29. Ra8+ Kh7 30. Ra2 Nc4 31. Nxc4 dxc4 32. Kf1 Bf5 33. Ke2 Bd3+ 34. Kd2 Bf1 35. g3 Kg6 36. Ra5 f5 37. Ra7 Kf6 38. Ke3 Bd3 39. Rc7 g5 40. Rc6+ Kg7 41. h4 $18 gxh4 42. gxh4 Kh7 43. Kf4 Bb1 44. Ke5 Kg7 45. h5 Bd3 46. Rc7+ Kg8 47. f4 Be2 48. Kxf5 Bxh5 49. Rxc4 Be2 50. Rc3 h5 51. Kg6 Kf8 52. Rc7 Bd1 53. f5 Bg4 54. f6 h4 55. Kg5 1-0

[Event "Istanbul Open 2018"]
[Site "Istanbul"]
[Date "2018.09.04"]
[Round "4"]
[White "Sar, Can"]
[Black "Cibik, Huseyin Bora"]
[Result "1-0"]
[ECO "C10"]
[WhiteElo "1800"]
[BlackElo "1666"]
[Annotator "NA RC"]
[PlyCount "89"]
[EventDate "2018.09.02"]
[EventType "swiss"]
[EventCountry "TUR"]
[SourceTitle "playchess.com"]
[Source "ChessBase"]
[SourceQuality "1"]
[TimeControl "5400+30"]

1. e4 e6 2. d4 d5 3. Nd2 dxe4 4. Nxe4 Nd7 5. Nf3 Ngf6 6. Nxf6+ Nxf6 7. Bd3 Be7 8. O-O {[%emt 0:00:30] LiveBook: 86 Games} O-O 9. Bf4 b6 10. Re1 Bb7 11. c3 c5 12. dxc5 Bxc5 13. Qe2 Nd5 {[%emt 0:05:30] C10: French with 3 Nc3: Unusual Black 3rd moves and 3...dxe4} (13... Qe7 14. Rad1 Rfd8 15. Bg5 h6 16. Bxf6 Qxf6 17. Be4 Qe7 18. Bxb7 Qxb7 19. Ne5 Qc7 20. Qe4 Rac8 21. Nf3 {½-½ (56) Wengler,J (2125)-Andersson,U (2582) Bad Wiessee 2011}) 14. Be5 $146 ({Predecessor:} 14. Bg3 Qf6 15. Be4 Qh6 16. h3 Rae8 17. Ne5 f5 18. Bf3 Bc8 19. Rad1 a5 20. a3 Qf6 21. c4 f4 22. Bh2 Ne3 23. Nd7 Bxd7 {0-1 (23) Bors,S (2124)-Kiss,J (2112) Hungary 2008}) 14... f6 ({Black should play} 14... Qe7 $14) 15. Bg3 e5 $2 (15... Re8 $16) 16. Rad1 Qc7 17. Qe4 f5 18. Qxe5 Qxe5 19. Bxe5 ({Bloß nicht} 19. Nxe5 Rad8 $18) ({Keinesfalls} 19. Rxe5 Kh8) 19... Rad8 (19... Rac8 $142 20. Bc2 Nf6) 20. Nd4 (20. Ng5 $142) 20... Bxd4 21. Bxd4 Nf4 22. Bf1 Rfe8 23. g3 Ne6 24. Bc4 Bd5 {[%emt 0:02:30] [#]} (24... Kf7 {was necessary.} 25. Re5 g6) 25. Bxd5 $2 (25. Bxb6 $1 $18 axb6 26. Rxd5 Rxd5 27. Bxd5) 25... Rxd5 26. Be3 Red8 (26... Ra5 $16) 27. Rxd5 Rxd5 {[%emt 0:00:00] [#]} 28. Kf1 (28. Bxb6 $1 $18 Kf7 (28... axb6 29. Rxe6) 29. Be3 (29. Bxa7 Ra5 $18)) 28... Kf7 29. Ke2 h6 30. Rd1 Rxd1 31. Kxd1 g5 32. Ke2 f4 33. Bd2 Kf6 34. f3 fxg3 35. hxg3 h5 36. Be1 Ke5 37. Bf2 Nc5 38. Bxc5 bxc5 39. b3 h4 40. Kf2 Kf5 41. Kg2 Ke5 42. Kh3 a6 43. a3 Kd5 44. gxh4 gxh4 45. Kxh4 1-0

[Event "Istanbul Open 2018"]
[Site "Istanbul"]
[Date "2018.09.04"]
[Round "4"]
[White "Sarikavak, Serdar Ihsan"]
[Black "Kuseyri, Mehmet Ali"]
[Result "0-1"]
[ECO "C50"]
[WhiteElo "1798"]
[BlackElo "1962"]
[Annotator "NA RC"]
[PlyCount "52"]
[EventDate "2018.09.02"]
[EventType "swiss"]
[EventCountry "TUR"]
[SourceTitle "playchess.com"]
[Source "ChessBase"]
[SourceQuality "1"]
[TimeControl "5400+30"]

1. e4 e5 2. Nf3 Nc6 3. Bc4 Bc5 4. O-O Nf6 5. d4 Bxd4 6. Nxd4 Nxd4 7. Bg5 d6 8. f4 Be6 9. Na3 {[%emt 0:02:30] LiveBook: 7 Games} Qe7 10. fxe5 dxe5 11. c3 Nc6 12. Kh1 Rg8 13. Qf3 O-O-O 14. Bxf6 gxf6 15. Qxf6 Rd2 16. Qxe7 Nxe7 17. Bxe6+ fxe6 18. Nc4 Rdxg2 19. Rf8+ Rxf8 20. Kxg2 Rf4 21. Re1 {[%emt 0:00:24] [#]} Ng6 $1 22. Kg3 h5 23. h4 Rg4+ $19 24. Kf3 Nxh4+ 25. Ke2 Rxe4+ 26. Ne3 Rxe3+ 0-1

[Event "Istanbul Open 2018"]
[Site "Istanbul"]
[Date "2018.09.04"]
[Round "4"]
[White "Satici, Aydin"]
[Black "Acar, Cengiz Can"]
[Result "0-1"]
[ECO "A16"]
[WhiteElo "1605"]
[BlackElo "1755"]
[Annotator "NA RC"]
[PlyCount "128"]
[EventDate "2018.09.02"]
[EventType "swiss"]
[EventCountry "TUR"]
[SourceTitle "playchess.com"]
[Source "ChessBase"]
[SourceQuality "1"]
[TimeControl "5400+30"]

1. c4 g6 2. g3 Bg7 3. Bg2 Nf6 4. Nc3 O-O 5. Rb1 c6 6. e4 e5 7. Nge2 d6 8. O-O Be6 9. d3 Nbd7 10. h3 Ne8 11. f4 f5 12. Be3 h6 13. Qd2 Kh7 14. b3 Nc7 15. d4 Bg8 16. Rbd1 exf4 17. Nxf4 g5 18. Nh5 fxe4 19. Nxe4 d5 20. Nxg5+ hxg5 21. Bxg5 Bxd4+ 22. Kh2 Qe8 23. Nf4 Bf6 24. Rde1 Qf7 25. Qd3+ Kg7 26. Qf5 Bh7 27. Qg4 Kh8 28. Nh5 Ne8 29. cxd5 Rg8 30. Nxf6 Nexf6 31. Qh4 Rxg5 32. Qxg5 cxd5 33. Rf4 Rg8 34. Qh4 Re8 35. Ref1 Rf8 36. g4 Qg7 37. g5 Ne4 38. Rxf8+ Nxf8 39. Bxe4 dxe4 40. Qf4 Ne6 41. Qd6 Nxg5 42. Qb8+ Bg8 43. Qg3 Nf3+ 44. Kg2 Bd5 45. Rc1 Bc6 46. Rc5 Qxg3+ 47. Kxg3 Kg7 48. Kf4 Kf6 49. b4 a6 50. Rh5 Kg6 51. Rc5 Ne1 52. Rg5+ Kh6 53. Rg4 Nd3+ 54. Ke3 Nxb4 55. Rg2 Nd5+ 56. Kd4 Kh5 57. Rg8 Nf4 58. Rh8+ Kg5 59. Ke3 Ng2+ 60. Ke2 e3 61. Rg8+ Kf4 62. Rg4+ Kf5 63. Rb4 Nf4+ 64. Ke1 Nd3+ 0-1

[Event "Istanbul Open 2018"]
[Site "Istanbul"]
[Date "2018.09.04"]
[Round "4"]
[White "Pektas, Gokdeniz"]
[Black "Hakkaki Fard, Pedram"]
[Result "1-0"]
[ECO "D27"]
[WhiteElo "1602"]
[BlackElo "1815"]
[Annotator "NA RC"]
[PlyCount "49"]
[EventDate "2018.09.02"]
[EventType "swiss"]
[EventCountry "TUR"]
[SourceTitle "playchess.com"]
[Source "ChessBase"]
[SourceQuality "1"]
[TimeControl "5400+30"]

1. d4 d5 2. c4 dxc4 3. Nf3 Nf6 4. e3 e6 5. Bxc4 a6 6. a4 c5 7. Nc3 Nc6 8. O-O cxd4 9. exd4 Nb4 10. Bg5 {[%emt 0:08:30] LiveBook: 13 Games} Be7 11. Bxf6 $146 {[%emt 0:00:30] D27: Queen's Gambit Accepted: Classical main line: 7 e4!? and 7 a4} ({Predecessor:} 11. Qb3 Nc6 12. Rad1 Nd5 13. Bxd5 Bxg5 14. Be4 Na5 15. Qc2 f5 16. Nxg5 Qxg5 17. Bf3 O-O 18. Qe2 Qf6 {0-1 (57) Li,B (2333)-Varga,Z (2470) Balatonlelle 2018}) 11... Bxf6 12. Qb3 Be7 $2 (12... Nc6 $1 $11) 13. d5 Nxd5 (13... O-O $16 14. dxe6 fxe6 15. Bxe6+ Kh8) 14. Nxd5 ({Weaker is} 14. Bxd5 exd5 15. Rad1 (15. Nxd5 O-O $14) (15. Qxd5 O-O $14) 15... O-O $14) 14... exd5 15. Bxd5 f6 $2 (15... O-O 16. Ne5 Qe8) 16. Rfe1 (16. Bg8 $142 Qa5 17. Qf7+ Kd8 18. Rfd1+ Kc7 19. Qxe7+ Kb8 20. Qxg7 Rxg8 21. Qxg8) 16... Kf8 17. Rad1 Qa5 {[%emt 0:00:30] [#]} 18. Rxe7 $1 Kxe7 19. Qa3+ Kd8 20. Bxb7+ Bd7 $18 21. Bxa8 Qc7 22. Be4 Kc8 23. Qe3 Kb8 24. Rc1 Qa5 25. Qf4+ 1-0

[Event "Istanbul Open 2018"]
[Site "Istanbul"]
[Date "2018.09.04"]
[Round "4"]
[White "Topsir, Furkan"]
[Black "Eryilmaz, Emre"]
[Result "1-0"]
[ECO "D45"]
[WhiteElo "1550"]
[BlackElo "1432"]
[Annotator "NA RC"]
[PlyCount "67"]
[EventDate "2018.09.02"]
[EventType "swiss"]
[EventCountry "TUR"]
[SourceTitle "playchess.com"]
[Source "ChessBase"]
[SourceQuality "1"]
[TimeControl "5400+30"]

1. d4 d5 2. c4 c6 3. Nf3 Nf6 4. Nc3 e6 5. e3 Bb4 6. Qc2 O-O 7. a3 Bxc3+ 8. bxc3 dxc4 9. Bxc4 b6 10. e4 Nbd7 11. Bd3 h6 12. O-O Bb7 13. c4 c5 14. d5 exd5 15. cxd5 Qc7 16. Bb2 Rfe8 17. Rfe1 Ng4 18. Qc3 f6 19. h3 Nge5 20. Nxe5 Nxe5 21. Bb5 Red8 22. Qg3 c4 23. Bxe5 fxe5 24. Rac1 Rac8 25. Bxc4 Qd6 26. Be2 Rxc1 27. Rxc1 Rc8 28. Rxc8+ Bxc8 29. Qc3 Bb7 30. Qb4 Qd7 31. Bg4 Qe8 32. Be6+ Kh7 33. Qd6 Ba6 34. Qxe5 1-0